 Dungeon Crawl Stone Soup version 0.30.0-15-g856e2d3f33 (webtiles) character file.

Game seed: 4701221394327469100

11039 croobank the Destroyer (level 11, 0/72 (73) HPs)
             Began as a White Draconian Fire Elementalist on May 18, 2023.
             Was an Elder of Hepliaklqana.
             Shot with a bolt by an orc warrior (7 damage)
             ... led by an orc knight
             ... on level 1 of the Orcish Mines.
             The game lasted 01:37:32 (14555 turns).

croobank the Destroyer (DrFE)                      Turns: 14555, Time: 01:37:33

HP:   0/72 (73)     AC: 11    Str: 15    XL:     11   Next: 44%
MP:   0/23          EV: 12    Int: 20    God:    Hepliaklqana [****..]
Gold: 14            SH:  0    Dex: 11    Spells: 11/26 levels left

rFire   + . .        d - +4 short sword
rCold   + + .        (no shield)
rNeg    + . .        (body armour unavailable)
rPois   +            (helmet restricted)
rElec   +            D - scarf {rC+ rF+}
rCorr   .            (no gloves)
SInv    +            (no boots)
Will    .....        C - amulet of guardian spirit
Stlth   ++           O - ring of Vehumet's Hope {rElec rPois rN+ Str+4 SInv}
HPRegen 0.32/turn    k - +4 ring of protection
MPRegen 0.18/turn

%: guardian spirit
@: brilliant, on berserk cooldown, flying, hasted and slowed, lightly drained
A: reduced essence, breathe frost, AC +7, unfitting armour, cold resistance 1,
cold-blooded, screaming 1, teleportitis 1
a: Breathe Frost, Renounce Religion, Recall Ancestor, Ancestor Identity,
Transference, Idealise


You were on level 1 of the Orcish Mines.
You worshipped Hepliaklqana.
Hepliaklqana was greatly pleased with you.
You visited 4 branches of the dungeon, and saw 12 of its levels.

You collected 572 gold pieces.
You spent 558 gold pieces at shops.

Inventory:

Hand Weapons
 d - a +4 short sword (weapon)
 f - a +0 sling
 g - a +1 vampiric dagger
 n - a +0 trident
 o - a +0 war axe
 r - a +0 dagger of venom
 v - a +1 hand axe of venom
 L - a +3 falchion
Missiles
 a - 2 throwing nets
 j - 12 boomerangs
 F - 6 curare-tipped darts
 H - 2 silver boomerangs
Armour
 z - a +0 kite shield
 D - a scarf of resistance (worn)
Jewellery
 k - a +4 ring of protection (right hand)
 m - a ring of see invisible
 q - a ring of positive energy
 y - a ring of magical power
 C - an amulet of guardian spirit (around neck)
 J - an amulet of magic regeneration
 O - the ring of Vehumet's Hope (left hand) {rElec rPois rN+ Str+4 SInv}
   (You bought it in a shop on level 5 of the Dungeon)

   [ring of positive energy]

   Str:       It affects your strength (+4).
   rElec:     It insulates you from electricity.
   rPois:     It protects you from poison.
   rN:        It protects you from negative energy.
   SInv:      It lets you see invisible.
Wands
 b - a wand of polymorph (17)
 t - a wand of flame (9)
 K - a wand of roots (4)
Scrolls
 e - 8 scrolls of immolation
 h - 4 scrolls of vulnerability
 p - 4 scrolls of amnesia
 u - 2 scrolls of poison
 w - 2 scrolls of enchant armour
 x - 2 scrolls of teleportation
Potions
 c - a potion of ambrosia
 i - 2 potions of might
 l - a potion of curing
 s - a potion of haste
 A - a potion of attraction
Miscellaneous
 B - a box of beasts


   Skills:
 - Level 3.1 Fighting
 - Level 3.4 Dodging
 - Level 3.7 Stealth
 - Level 8.3 Spellcasting
 - Level 9.0 Conjurations
 - Level 6.1 Hexes
 - Level 7.9 Fire Magic
 + Level 3.2 Ice Magic
 + Level 2.6 Air Magic
 - Level 1.3 Invocations


You had 11 spell levels left.
You knew the following spells:

 Your Spells              Type           Power      Damage    Failure   Level
a - Foxfire               Conj/Fire      100%       2x1d9     1%          1
b - Scorch                Fire           100%       2d9       1%          2
c - Inner Flame           Hex/Fire       53%        N/A       1%          3
d - Flame Wave            Conj/Fire      59%        2d14      2%          4
e - Freezing Cloud        Conj/Ice/Air   21%        6-21      30%         5

Your spell library contained the following spells:

 Spells                   Type           Power      Damage    Failure   Level
 Slow                     Hex            100%       N/A       1%          1
 Static Discharge         Conj/Air       94%        2-6/arc   1%          2
 Confusing Touch          Hex            49%        N/A       1%          3
 Hailstorm                Conj/Ice       49%        3d11      1%          3
 Fulminant Prism          Conj/Hex       27%        3d14      3%          4
 Volatile Blastmotes      Fire/Tloc      72%        2d16      4%          3
 Cause Fear               Hex            24%        N/A       7%          4
 Cigotuvi's Dreadful Rot  Necr/Pois/Air  34%        N/A       9%          2
 Ignite Poison            Fire/Tmut/Pois 28%        N/A       9%          3
 Iskenderun's Mystic Bla  Conj/Tloc      39%        2d9       13%         4
 Vampiric Draining        Necr           12%        2d6       24%         3
 Leda's Liquefaction      Hex/Erth       15%        N/A       24%         4
 Airstrike                Air            14%        2d(2-18)  26%         4
 Silence                  Hex/Air        19%        N/A       36%         5
 Ice Form                 Ice/Tmut       22%        N/A       38%         4
 Summon Lightning Spire   Summ/Air       20%        N/A       43%         4
 Animate Dead             Necr           12%        N/A       63%         4
 Passage of Golubria      Tloc           12%        N/A       63%         4
 Alistair's Intoxication  Tmut/Pois      8%         N/A       92%         5
 Borgnjor's Vile Clutch   Necr/Erth      6%         N/A       92%         5
 Lee's Rapid Deconstruct  Erth           6%         3d6*      92%         5
 Eringya's Noxious Bog    Tmut/Pois      6%         N/A       100%        6
 Simulacrum               Ice/Necr       11%        N/A       100%        6
 Lehudib's Crystal Spear  Conj/Erth      19%        10d6      100%        8


Dungeon Overview and Level Annotations

Branches:
Dungeon (9/15)             Temple (1/1) D:4            Lair (1/5) D:9
    Orc (1/2) D:9

Altars:
Ashenzari
Cheibriados
Elyvilon
Fedhas
Gozag
Hepliaklqana
Kikubaaqudgha
Makhleb
Nemelex Xobeh
Okawaru
Qazlal
Ru
Sif Muna
Trog
Uskayaw
Vehumet
Wu Jian
Xom
Yredelemnul
Zin

Shops:
D:5 =

Annotations:
D:4 exclusion: lemure, Sigmund
D:5 3 runed translucent doors, monsoonserge's ghost, amateur OgCA
Orc:1 Gastronok


Innate Abilities, Weirdness & Mutations

Your life essence is reduced to manifest your ancestor. (-10% HP)
You can breathe waves of freezing cold which knock back foes.
Your icy white scales are hard. (AC +7)
You cannot fit into any form of body armour.
Your flesh is cold resistant. (rC+)
You are cold-blooded and may be slowed by cold attacks.
You occasionally shout uncontrollably at your foes.
You are occasionally teleported next to monsters.


Message History

You feel very buoyant.
You fly up into the air.
Simosihle closely misses the orc wizard.
The orc wizard gestures at you while chanting.
The magic dart hits Simosihle.
You feel better.
Simosihle hits the orc with a +0 quarterstaff!!
The orc dies!
The orc priest calls down the wrath of Beogh upon you.
Pain shoots through your body!
* * * LOW HITPOINT WARNING * * *
The orc wizard hits Simosihle with a +0 dagger.
The orc wizard points at you and mumbles some strange words.
The puff of flame hits you. You resist.
* * * LOW HITPOINT WARNING * * *
Simosihle barely misses the orc wizard.
The orc wizard points at you and mumbles some strange words.
The magic dart hits you!
* * * LOW HITPOINT WARNING * * *
The orc priest calls down the wrath of Beogh upon you.
The orc wizard struggles to resist.
Simosihle closely misses the orc.
The orc priest calls upon Beogh to heal the orc wizard.
The orc wizard's wounds heal themselves!
The orc wizard gestures at you while chanting.
The puff of flame hits the orc wizard!
You can now heal and protect your ancestor.
An orc priest and an orc come into view.
The orc shouts!
An orc warrior comes into view. It is wielding a +0 hand axe.
An orc wizard comes into view. It is wielding a +0 dagger.
An ogre comes into view. It is wielding a +0 giant club.
The orc wizard points at you and mumbles some strange words.
The magic dart hits you.
* * * LOW HITPOINT WARNING * * *
The orc hits you but does no damage.
The orc priest shouts!
You hear a shout!
The orc warrior unwields a +0 hand axe.
The orc warrior wields a +0 arbalest.
The orc warrior shoots a bolt.
The bolt hits you!
You die...

........$................
......................$..
.........................
........)................
......><)....##..........
......).)...#........##..
......)))................
..#..$.).................
........@...#....#.).)...
..^.....o#$###w...R$.....
o.o.....#####..ooo....#..
.........#.##.o..##...#.#
..#.........##o#####.#...
....o....#o.#...# .....#
.........#.o.#.#.###....#
.........##.#.....##...##
#.................# ...#


You could see an orc warrior, an orc priest and an orc.

Vanquished Creatures
  A two-headed ogre (D:9)
  An orc high priest (Orc:1)
  An orc sorcerer (Orc:1)
  Maurice (D:9)
  An elephant (D:8)
  A cane toad (Lair:1)
  A komodo dragon (Lair:1)
  A kobold demonologist (D:8)
  4 blink frogs (Lair:1)
  A wyvern (D:9)
  9 yaks (D:9)
  2 basilisks (D:9)
  2 steam dragons
  Duvessa (D:6)
  A water moccasin (D:6)
  2 orc warriors (Orc:1)
  2 ice beasts
  2 sky beasts
  2 black bears
  An ogre (Orc:1)
  2 centaurs (D:7)
  A phantom (D:5)
  3 bullfrogs
  A scorpion (D:5)
  Dowan (D:6)
  4 killer bees (D:9)
  2 electric eels (D:7)
  4 hounds
  4 orc priests
  2 gnoll boudas
  A jelly (D:7)
  A sleepcap (D:4)
  2 iguanas (D:5)
  Natasha (thrice) (D:2)
  7 orc wizards
  Robin (D:4)
  4 adders
  26 gnolls
  A shadow imp (D:7)
  2 white imps
  An ufetubus (D:6)
  3 worms
  3 dart slugs
  44 orcs
  10 ball pythons
  A bat (D:3)
  7 endoplasms
  4 giant cockroaches
  13 goblins
  9 hobgoblins
  4 jackals (D:4)
  3 quokkas
  6 frilled lizards
  7 kobolds
  2 rats
226 creatures vanquished.

Vanquished Creatures (collateral kills)
  A black mamba (Lair:1)
  2 komodo dragons (Lair:1)
  A troll (D:8)
  A blink frog (Lair:1)
  A wraith (D:8)
  3 yaks
  2 centaurs
  A kobold brigand (D:9)
  A bullfrog (Lair:1)
  A gnoll sergeant (D:9)
  A killer bee (D:9)
  A howler monkey (D:8)
  4 gnoll boudas
  An iron imp (D:6)
  5 gnolls
  4 orcs
  A kobold (D:8)
  A foxfire (D:2)
32 creatures vanquished.

Vanquished Creatures (others)
  5 battlemagi
  2 ancestors (D:6)
  343 foxfires
350 creatures vanquished.

Grand Total: 608 creatures vanquished

Notes
Turn   | Place    | Note
-------+----------+-------------------------------------------
     0 | D:1      | croobank the Draconian Fire Elementalist began the quest
                  | for the Orb.
     0 | D:1      | Reached XP level 1. HP: 14/14 MP: 3/3
   243 | D:1      | Reached XP level 2. HP: 20/20 MP: 3/5
   246 | D:1      | Learned a level 2 spell: Scorch
   440 | D:1      | Upgraded the game from 0.30.0-13-g156ef70053 to
                  | 0.30.0-15-g856e2d3f33
   664 | D:1      | Found a faded altar of an unknown god.
  1468 | D:2      | Noticed Natasha
  1475 | D:2      | Killed Natasha
  1476 | D:2      | Reached skill level 1 in Fighting
  1476 | D:2      | Reached XP level 3. HP: 18/28 MP: 0/6
  1868 | D:2      | Got the Disquisition on Black Mysteries and Curses
  1988 | D:2      | Noticed Natasha
  1990 | D:2      | Killed Natasha
  1991 | D:2      | Reached XP level 4. HP: 29/35 MP: 2/7
  1995 | D:2      | Learned a level 3 spell: Inner Flame
  2319 | D:2      | Noticed Natasha
  2322 | D:2      | Killed Natasha
  2775 | D:3      | Reached skill level 2 in Conjurations
  2829 | D:3      | HP: 1/35 [orc wizard/magic dart (5)]
  2837 | D:3      | Reached XP level 5. HP: 9/40 MP: 0/8
  4329 | D:4      | Noticed Robin
  4594 | D:4      | Reached XP level 6. HP: 48/48 MP: 6/10
  4899 | D:4      | Killed Robin
  5417 | D:4      | Found a stormy altar of Qazlal.
  5473 | D:4      | Noticed Sigmund
  5813 | D:4      | Found a staircase to the Ecumenical Temple.
  5988 | Temple   | Entered the Ecumenical Temple
  5999 | Temple   | Became a worshipper of Hepliaklqana the Forgotten
  6053 | D:4      | Noticed a steam dragon
  6059 | D:4      | Killed a steam dragon
  6060 | D:4      | Reached skill level 3 in Conjurations
  6060 | D:4      | Your scales start taking on an icy white colour.
  6060 | D:4      | Reached XP level 7. HP: 56/56 MP: 3/11
  6060 | D:4      | Gained mutation: Your flesh is cold resistant. (rC+) [White
                  | Draconian growth]
  6211 | D:5      | Entered Level 5 of the Dungeon
  6221 | D:5      | Reached skill level 1 in Invocations
  6528 | D:5      | Found Ymisoc's Jewellery Emporium.
  6619 | D:5      | Noticed a two-headed ogre
  6620 | D:5      | Found a runed translucent gate.
  6621 | D:5      | Found a runed translucent gate.
  6621 | D:5      | Found a runed translucent gate.
  6627 | D:5      | Noticed monsoonserge's ghost (amateur OgCA)
  6741 | D:5      | Reached skill level 1 in Hexes
  7052 | D:5      | Found a broken altar of Ashenzari.
  7493 | D:6      | Reached XP level 8. HP: 63/63 MP: 5/13
  7740 | D:6      | Reached * piety under Hepliaklqana
  7868 | D:6      | Reached skill level 5 in Hexes
  8425 | D:6      | Noticed Duvessa
  8426 | D:6      | Noticed Dowan
  8516 | D:6      | Killed Duvessa
  8526 | D:6      | Killed Dowan
  8905 | D:6      | Found a snail-covered altar of Cheibriados.
  9194 | D:7      | Found an opulent altar of Gozag.
  9200 | D:7      | Found a shimmering altar of Xom.
  9203 | D:7      | Found a basalt altar of Yredelemnul.
  9203 | D:7      | Found a glowing silver altar of Zin.
  9203 | D:7      | Found a radiant altar of Vehumet.
  9203 | D:7      | Found an ancient bone altar of Kikubaaqudgha.
  9203 | D:7      | Found a hide-covered altar of Uskayaw.
  9204 | D:7      | Found an ornate altar of the Wu Jian Council.
  9281 | D:7      | Reached skill level 4 in Conjurations
  9421 | D:7      | HP: 2/49 [electric eel/bolt of electricity (2)]
  9431 | D:7      | Reached XP level 9. HP: 10/55 MP: 10/15
  9711 | D:7      | Gained mutation: You occasionally lose the ability to read
                  | scrolls when taking damage. [potion of mutation]
  9711 | D:7      | Gained mutation: Your mind is acute. (Int +4, Str/Dex -1)
                  | [potion of mutation]
  9712 | D:7      | Lost mutation: You occasionally lose the ability to read
                  | scrolls when taking damage. [potion of mutation]
  9712 | D:7      | Lost mutation: Your mind is acute. (Int +4, Str/Dex -1)
                  | [potion of mutation]
  9712 | D:7      | Gained mutation: You are clumsy. (Dex -2) [potion of
                  | mutation]
  9713 | D:7      | Lost mutation: You are clumsy. (Dex -2) [potion of
                  | mutation]
  9713 | D:7      | Gained mutation: You are occasionally teleported next to
                  | monsters. [potion of mutation]
  9933 | D:7      | Reached ** piety under Hepliaklqana
  9934 | D:7      | Remembered your ancestor Simosihle as a battlemage
 10140 | D:7      | Learned a level 4 spell: Flame Wave
 10195 | D:7      | Reached skill level 5 in Conjurations
 10222 | D:7      | Found a bloodstained altar of Trog.
 10741 | D:8      | Reached skill level 5 in Spellcasting
 10842 | D:8      | Reached skill level 5 in Fire Magic
 11500 | D:9      | Noticed a troll
 11655 | D:9      | Noticed an elephant
 11843 | D:7      | Reached skill level 6 in Conjurations
 12145 | D:8      | Killed a troll
 12228 | D:9      | Noticed a kobold demonologist
 12229 | D:9      | Noticed a hellwing
 12237 | D:8      | Killed a kobold demonologist
 12349 | D:8      | Killed an elephant
 12350 | D:8      | Reached XP level 10. HP: 34/69 MP: 5/19
 12466 | D:9      | Noticed a two-headed ogre
 12467 | D:9      | Noticed Maurice
 12557 | D:9      | Reached skill level 7 in Conjurations
 12787 | D:9      | Killed a two-headed ogre
 12859 | D:9      | Killed Maurice
 13053 | D:9      | Reached skill level 8 in Conjurations
 13236 | D:9      | Found a staircase to the Lair.
 13318 | D:9      | Reached *** piety under Hepliaklqana
 13324 | D:9      | Found a sacrificial altar of Ru.
 13326 | D:9      | Found a staircase to the Orcish Mines.
 13420 | D:9      | Found a burning altar of Makhleb.
 13535 | Lair:1   | Entered Level 1 of the Lair of Beasts
 13615 | Lair:1   | Noticed a black mamba
 13619 | Lair:1   | Killed a black mamba
 13620 | Lair:1   | Reached XP level 11. HP: 60/73 MP: 14/22
 13937 | Lair:1   | Reached skill level 9 in Conjurations
 14242 | Lair:1   | Identified a scroll of acquirement
 14248 | Lair:1   | Learned a level 5 spell: Freezing Cloud
 14388 | D:5      | Bought the ring of Vehumet's Hope {rElec rPois rN+ Str+4
                  | SInv} for 558 gold pieces
 14388 | D:5      | Acquired a book of Blasting
 14506 | Orc:1    | Entered Level 1 of the Orcish Mines
 14506 | Orc:1    | Noticed Gastronok
 14506 | Orc:1    | Noticed an orc high priest
 14513 | Orc:1    | Gained mutation: You occasionally shout uncontrollably at
                  | your foes. [a neqoxec]
 14513 | Orc:1    | Killed an orc high priest
 14514 | Orc:1    | Noticed an orc knight
 14514 | Orc:1    | Noticed an orc sorcerer
 14519 | Orc:1    | Killed an orc sorcerer
 14550 | Orc:1    | Reached **** piety under Hepliaklqana
 14555 | Orc:1    | Shot with a bolt by an orc warrior

Illustrated notes

Levels and vault maps discovered:
D:1:      onia_arrival_mini_maze_b, layout_loops_ring,
          nicolae_ecumenical_snake_handling, minmay_shallow_snake_nest
D:2:      layout_loops_corners, serial_forest, infiniplex_forest_straight_3,
          infiniplex_forest_clump_curved, infiniplex_forest_end_2,
          infiniplex_forest_end_2, infiniplex_forest_straight_2,
          infiniplex_forest_clump_C, chequers_jeans, uniq_natasha
D:3:      layout_basic
D:4:      layout_gridville, mainiacjoe_overflow_brackets, temple_statues,
          st_stairs_4, uniq_sigmund, uniq_pikel, uniq_robin
D:5:      layout_loops_ring, mainiacjoe_overflow_paths, gammafunk_ghost_split,
          serial_shops, nicolae_shop_gaudy_bauble
D:6:      layout_layer_cave, slow_altar_2, uniq_duvessa
D:7:      layout_loops_ring, mainiacjoe_overflow_24_doors,
          grunt_temple_overflow_open, amcnicky_mini_rare_corridor_liquid,
          kennysheep_potato
D:8:      layout_basic
D:9:      layout_cave_pools, hangedman_ru_absence, lightli_temple_of_fire,
          david_lair_generic, uniq_maurice
Temple:   hellmonk_temple_rainy
Lair:1:   layout_gridlike, minivault_23
Orc:1:    layout_caves, uniq_gastronok

Skill      XL: |  1  2  3  4  5  6  7  8  9 10 11 |
---------------+----------------------------------+-----
Stealth        | 2 3 |  3.7
Dodging        | 2 3 |  3.4
Fighting       | 1 2 3 |  3.1
Conjurations   | 2 3 4 6 8 9 |  9.0
Fire Magic     | 3 4 6 7 |  7.9
Spellcasting   | 3 4 6 7 8 |  8.3
Invocations    | 1 |  1.3
Hexes          | 3 6 |  6.1
Ice Magic      | 3 |  3.2
Air Magic      | 2 |  2.6

Action                     |  1- 3 |  4- 6 |  7- 9 | 10-12 || total
---------------------------+-------+-------+-------+-------++-------
  Melee: Unarmed           |     3 |       |       |       ||     3
         Tailslap          |     7 |    13 |    15 |     4 ||    39
         Short sword       |    15 |    74 |   101 |    26 ||   216
         Dagger            |       |     1 |       |       ||     1
  Throw: Throwing net      |       |       |     1 |       ||     1
   Cast: Foxfire           |    21 |    74 |    61 |    39 ||   195
         Scorch            |    16 |    47 |    98 |    23 ||   184
         Flame Wave        |       |       |     7 |     9 ||    16
         Inner Flame       |       |       |     2 |     8 ||    10
 Invoke: Ancestor Life: Ba |       |       |     1 |       ||     1
Ability: Breathe Frost     |       |       |     2 |       ||     2
  Evoke: Wand              |       |     1 |     5 |     1 ||     7
    Use: Scroll            |       |    15 |     6 |     3 ||    24
         Potion            |       |     6 |     5 |     7 ||    18
   Stab: Sleeping          |     1 |     1 |     8 |     1 ||    11
 Armour: Skin              |     3 |    45 |    98 |    38 ||   184
  Dodge: Dodged            |     5 |    65 |   119 |    61 ||   250
